Match 45381675
Unlisted

Match 45381675
End
Construct Infanterie Kompanie
MG 42 Machine Gun Team
Selects Mechanized Battlegroup
Grenadier Squad
Grenadier Squad
Grenadier Squad
Construct Panzergrenadier Kompanie
Selects Mobile Repair Stations
251 Medium Carrier
Infanterie Officer Quarters
Selects Raid Package
Selects StuG Assault Group
StuG Assault Group
Construct Panzer Kompanie
Selects UNKNOWN (2160084)
Medical Bunker
Selects Wespe Self-propelled Artillery
Wespe Self-propelled Artillery
Forward Retreat Point
Wespe Self-propelled Artillery
Pak 40 Anti-tank Gun Team
Panther Heavy Tank
Arwootarch
Urge to Merge
Relic only temp bans maphackers
Cameltoe Joe
男神贾队长
Sabersama
Chicken ✔
Беашел
0
0

Comments sign in to comment!

No comments posted yet!